 Dungeon Crawl Stone Soup version 0.20.1-1-g8b1a95d (webtiles) character file.

416 Ijustatesigmund the Sneak (level 6, 0/35 HPs)
             Began as a Spriggan Enchanter on Sept 13, 2017.
             Succumbed to a scorpion's poison
             ... on level 4 of the Dungeon.
             The game lasted 00:14:19 (5286 turns).

Ijustatesigmund the Sneak (Spriggan Enchanter)      Turns: 5286, Time: 00:14:19

Health: 0/35       AC:  2    Str:  4    XL:     6   Next: 60%
Magic:  12/12      EV: 25    Int: 22    God:
Gold:   145        SH:  0    Dex: 18    Spells: 9/12 levels left

rFire    + . .     SeeInvis +   m - +1 short sword (vamp)
rCold    + . .     Gourm    .   (shield restricted)
rNeg     . . .     Faith    .   b - +0 robe
rPois    +         Spirit   .   (helmet restricted)
rElec    +         Reflect  .   (no cloak)
rCorr    +         Harm     .   (gloves unavailable)
MR       ++...                  (boots unavailable)
Stlth    ++++......             (no amulet)
Regen    0.2/turn               g - +4 ring of evasion
MPRegen  0.2/turn               (no ring)

@: brilliant, lethally poisoned (0 -> -4), resistant, very quick
A: unfitting armour, camouflage 1, see invisible, herbivore 3, speed 3, magic
resistance 1, robust 1, slow metabolism 2
a: no special abilities


You were on level 4 of the Dungeon.
You were not hungry.

You visited 2 branches of the dungeon, and saw 6 of its levels.

You collected 145 gold pieces.

Inventory:

Hand Weapons
 a - a +1 dagger
 m - a +1 vampiric short sword (weapon)
Armour
 b - a +0 robe (worn)
Jewellery
 f - an uncursed ring of fire
 g - a +4 ring of evasion (left hand)
Wands
 o - a wand of digging (12/24)
Scrolls
 j - a scroll of identify
 n - a scroll of remove curse
 q - a scroll of amnesia
Potions
 i - 2 potions of haste
Books
 c - a book of Maledictions

   Spells                             Type                      Level
   a - Corona                         Hexes                        1
   b - Ensorcelled Hibernation        Hexes/Ice                    2
   c - Confuse                        Hexes                        3
   d - Tukima's Dance                 Hexes                        3
   e - Dazzling Spray                 Conjuration/Hexes            3
Comestibles
 d - a bread ration
 k - 6 fruits


   Skills:
 + Level 2.5 Fighting
 + Level 4.3 Short Blades
 + Level 5.1 Dodging
 - Level 6.0 Stealth
 - Level 3.6 Spellcasting
 - Level 3.6 Hexes


You had 9 spell levels left.
You knew the following spells:

 Your Spells              Type           Power        Failure   Level  Hunger
a - Corona                Hex            ####...      1%          1    None
b - Ensorcelled Hibernat  Hex/Ice        ####..       1%          2    ##.....


Dungeon Overview and Level Annotations

Branches:
Dungeon (5/15)             Temple (1/1) D:5

Altars:
Ashenzari
Cheibriados
Dithmenos
Elyvilon
Fedhas
Hepliaklqana
Kikubaaqudgha
Makhleb
Okawaru
Qazlal
Ru
Trog
Uskayaw
Vehumet
Yredelemnul
Zin
The Shining One

Annotations:
D:5 Dowan


Innate Abilities, Weirdness & Mutations

You are very small and have problems with some larger weapons.
You are too small for most types of armour.
You have supernaturally acute eyesight. (SInv)
You are a herbivore.
You cover ground extremely quickly.
You need consume almost no food.
Your skin changes colour to match your surroundings (Stealth+).
You are resistant to hostile enchantments. (MR+)
You are robust. (+10% HP)


Message History

Okay, then.
It was a potion of brilliance.
You feel clever all of a sudden. The scorpion misses you.
It was a potion of magic.
Magic courses through your body.
* * * LOW HITPOINT WARNING * * *
You feel sick.
The scorpion stops glowing.
The scorpion barely misses you.
It was a potion of resistance.
You feel protected. The scorpion completely misses you.
It was a potion of mutation.
You feel extremely strange.
You feel robust.
Your skin functions as natural camouflage.
You feel resistant to hostile enchantments.
* * * LOW HITPOINT WARNING * * *
You feel sick. The scorpion completely misses you. The scorpion misses you.
Found 12 gold pieces.
Found 5 gold pieces.
You die...

...
............#...
...
.................#
...
#................
...
#..)............
#..............
#............$.
#..............
#...........$..
##..s..@.......
##>....#.....#
#############


You could see a scorpion.

Vanquished Creatures
  A howler monkey (D:5)
  An orc priest (D:2)
  A hound (D:4)
  A centaur skeleton (D:4)
  2 orc wizards
  2 worker ants
  6 adders
  A howler monkey skeleton (D:5)
  3 oozes
  A worm (D:2)
  2 dart slugs
  2 leopard geckos
  10 orcs
  2 ball pythons
  3 bats
  6 giant cockroaches
  12 goblins
  10 hobgoblins
  6 jackals (D:2)
  2 quokkas
  6 frilled lizards
  9 kobolds
  10 rats
99 creatures vanquished.

Vanquished Creatures (others)
  An ogre (D:4)
  An orc (D:4)
  2 giant cockroaches (D:4)
4 creatures vanquished.

Grand Total: 103 creatures vanquished

Notes
Turn   | Place    | Note
-------+----------+-------------------------------------------
     0 | D:1      | Ijustatesigmund the Spriggan Enchanter began the quest for the Orb.
     0 | D:1      | Reached XP level 1. HP: 9/9 MP: 5/5
   266 | D:1      | Reached skill level 5 in Stealth
   287 | D:1      | Reached XP level 2. HP: 12/13 MP: 6/6
   703 | D:1      | Learned a level 2 spell: Ensorcelled Hibernation
   893 | D:2      | Reached XP level 3. HP: 16/16 MP: 8/8
  1733 | D:2      | Reached XP level 4. HP: 21/21 MP: 9/9
  1771 | D:2      | Found a white marble altar of Elyvilon.
  2008 | D:2      | HP: 1/21 [adder (3)]
  2016 | D:2      | HP: 1/21 [poisoned by an adder]
  2018 | D:2      | Reached skill level 1 in Fighting
  2456 | D:2      | Found a sacrificial altar of Ru.
  2556 | D:2      | Reached skill level 6 in Stealth
  2643 | D:2      | Reached XP level 5. HP: 25/25 MP: 6/11
  2813 | D:3      | Found a hazy altar of Hepliaklqana.
  4102 | D:4      | Noticed an ogre
  4701 | D:4      | Reached XP level 6. HP: 19/30 MP: 12/12
  4885 | D:5      | Entered Level 5 of the Dungeon
  4897 | D:5      | Found a staircase to the Ecumenical Temple.
  4903 | Temple   | Entered the Ecumenical Temple
  5237 | D:5      | Reached skill level 5 in Dodging
  5269 | D:5      | Noticed Dowan
  5277 | D:4      | HP: 1/32 [poisoned by a scorpion]
  5282 | D:4      | Gained mutation: You are robust. (+10% HP) [potion of mutation]
  5282 | D:4      | Gained mutation: Your skin changes colour to match your surroundings (Stealth+). [potion of mutation]
  5282 | D:4      | Gained mutation: You are resistant to hostile enchantments. (MR+) [potion of mutation]
  5282 | D:4      | HP: 1/35 [poisoned by a scorpion]
  5286 | D:4      | Succumbed to a scorpion's poison

Skill      XL: |  1  2  3  4  5  6 |
---------------+-------------------+-----
Stealth        | 5 6 |  6.0
Short Blades   | 2 3 4 |  4.3
Spellcasting   | 3 |  3.6
Fighting       | 1 2 |  2.5
Dodging        | 4 5 |  5.1
Hexes          | |  3.6

Action                   |  1- 3 |  4- 6 || total
-------------------------+-------+-------++-------
Melee: Dagger            |    78 |       ||    78
       Short sword       |    51 |   355 ||   406
 Cast: Corona            |     3 |    13 ||    16
       Ensorcelled Hiber |     2 |     3 ||     5
  Use: Scroll            |     3 |     4 ||     7
       Potion            |       |     9 ||     9
 Stab: Sleeping          |    16 |    24 ||    40
       Distracted        |     1 |     1 ||     2
  Eat: Bread ration      |     1 |       ||     1
       Royal jelly       |       |     1 ||     1
Armor: Robe              |    10 |    10 ||    20
Dodge: Dodged            |    95 |   256 ||   351
